 Dungeon Crawl Stone Soup version 0.29.1-12-g30fa7ad0bf (webtiles) character file.

Game seed: 1987286928012848777

6997 mortz the Fighter (level 11, -5/76 HPs)
             Began as a Gargoyle Earth Elementalist on Jan 2, 2023.
             Was a Follower of Vehumet.
             Slain by a two-headed ogre
             ... wielding a +0 giant club
              (27 damage)
             ... on level 7 of the Dungeon on Jan 3, 2023.
             The game lasted 00:54:13 (11323 turns).

mortz the Fighter (Gargoyle Earth Elementalist)    Turns: 11323, Time: 00:54:14

Health: -5/76      AC: 14    Str: 11    XL:     11   Next: 8%
Magic:  17/23      EV: 11    Int: 27    God:    Vehumet [*.....]
Gold:   692        SH:  0    Dex: 10    Spells: 15/27 levels left

rFire   . . .      SeeInvis .   a - +5 trident (freeze)
rCold   . . .      Faith    .   (no shield)
rNeg    + . .      Spirit   .   h - +1 robe
rPois   ∞          Reflect  .   (no helmet)
rElec   +          Harm     .   p - scarf {+Inv}
rCorr   .          Rampage  .   (no gloves)
Will    .....                   r - +2 pair of boots
Stlth   ++........              (no amulet)
HPRegen 0.22/turn               K - +6 ring of intelligence
MPRegen 0.18/turn               x - ring of flight

@: flying, studying Fighting
A: sickness immunity, AC +8, negative energy resistance 1, electricity
resistance, torment resistance 1, petrification resistance
a: Renounce Religion, Evoke Invisibility


You were on level 7 of the Dungeon.
You worshipped Vehumet.
Vehumet was aware of your devotion.
You visited 1 branch of the dungeon, and saw 8 of its levels.
You also visited: Ossuary.

You collected 692 gold pieces.

Inventory:

Hand Weapons
 a - a +5 trident of freezing (weapon)
 b - a +0 sling
 c - a +3 dagger of freezing
 j - a +0 long sword
 z - a +1 flail of protection
 H - a +0 vorpal war axe
 L - a +3 dagger of flaming
Missiles
 n - 5 curare-tipped darts
 w - 2 throwing nets
 y - 15 poisoned darts
Armour
 e - a +0 leather armour
 h - a +1 robe (worn)
 p - a scarf of invisibility (worn)
 r - a +2 pair of boots (worn)
Jewellery
 o - a ring of resist corrosion
 x - a ring of flight (right hand)
 E - the ring of Reaphoa {rC+ Will+ MP-9 Dex+4 Stlth+}
   (You took it off a vampire on level 7 of the Dungeon)

   [ring of protection from cold]

   Dex:       It affects your dexterity (+4).
   rC:        It protects you from cold.
   MP:        It affects your magic capacity (-9).
   Will:      It increases your willpower.
   Stlth:     It makes you more stealthy.
 K - a +6 ring of intelligence (left hand)
Wands
 f - a wand of roots (5)
 q - a wand of light (6)
 u - a wand of polymorph (13)
Scrolls
 l - a scroll of enchant armour
 m - 3 scrolls of blinking
 s - 5 scrolls of teleportation
 v - a scroll of vulnerability
 G - a scroll of amnesia
Potions
 d - 2 potions of magic
 g - 4 potions of resistance
 i - 3 potions of berserk rage
 k - a potion of curing
 t - 2 potions of might {unknown}
 A - a potion of haste {unknown}
 B - 2 potions of cancellation {unknown}
 C - a potion of attraction {unknown}
 D - a potion of ambrosia {unknown}
 F - 2 potions of brilliance {unknown}
 I - 2 potions of flight {unknown}
 J - a potion of heal wounds {unknown}


   Skills:
 * Level 11.9 Fighting
 + Level 6.5 Armour
 - Level 1.5 Dodging
 - Level 2.1 Stealth
 * Level 8.8 Spellcasting
 + Level 6.3 Conjurations
 - Level 2.4 Transmutations
 - Level 7.4 Earth Magic


You had 15 spell levels left.
You knew the following spells:

 Your Spells              Type           Power      Damage    Failure   Level
a - Sandblast             Erth           100%       2d20      1%          1
b - Slow                  Hex            44%        N/A       4%          1
f - Freeze                Ice            44%        1d6       4%          1
p - Passwall              Tmut/Erth      31%        N/A       1%          2
s - Stone Arrow           Conj/Erth      96%        3d13      1%          3
t - Petrify               Tmut/Erth      38%        N/A       6%          4

Your spell library contained the following spells:

 Spells                   Type           Power      Damage    Failure   Level
 Apportation              Tloc           22%        N/A       4%          1
 Confusing Touch          Hex            11%        N/A       14%         3
 Gell's Gravitas          Tloc           11%        N/A       14%         3
 Lesser Beckoning         Tloc           11%        N/A       14%         3
 Teleport Other           Tloc           11%        N/A       14%         3
 Vampiric Draining        Necr           11%        2d6       14%         3
 Alistair's Intoxication  Tmut/Pois      12%        N/A       63%         5


Dungeon Overview and Level Annotations

Branches:
Dungeon (8/15) Zot: 25937  Temple (0/1) D:7         Ossuary (visited)
   Lair: D:8-11

Altars:
Dithmenos
Gozag
Hepliaklqana
Nemelex Xobeh
Vehumet
Yredelemnul


Innate Abilities, Weirdness & Mutations

You are immune to sickness and miasma.
Your stone body is resilient. (AC +8)
You are immune to poison.
You resist negative energy. (rN+)
You are resistant to electric shocks. (rElec)
You are resistant to unholy torment.
You are immune to petrification.


Message History

The wight is severely damaged.
The wight hits you with a +0 war axe.
You hit the wight.
The wight is severely damaged.
The wight barely misses you.
You puncture the wight!
You destroy the wight!
Vehumet accepts your kill.
No target in view!
Things that are here:
a +0 war axe; a +0 robe You start resting.
HP restored.
There is a stone staircase leading down here.
You fly downwards.
The two-headed ogre hits you with a +0 giant club!!
The wight hits you with a +4 battleaxe!
There is a stone staircase leading up here.
The two-headed ogre hits you with a +0 giant club!!
* * * LOW HITPOINT WARNING * * *
The two-headed ogre closely misses you.
You fly upwards.
There is a stone staircase leading down here.
Casting: Stone Arrow (safe; 1% risk of failure)
Confirm with . or Enter, or press ? or * to list all spells.
Aiming: Stone Arrow (safe; 1% risk of failure)
Press: ? - help, Shift-Dir - straight line, f - two-headed ogre
Aim: a two-headed ogre, wielding two +0 giant clubs (89% to hit)
The stone arrow hits the two-headed ogre!!
The wight barely misses you.
Unknown command.
Casting: Stone Arrow (safe; 1% risk of failure)
Confirm with . or Enter, or press ? or * to list all spells.
Aiming: Stone Arrow (safe; 1% risk of failure)
Press: ? - help, Shift-Dir - straight line, f/p - two-headed ogre
Aim: a two-headed ogre, wielding two +0 giant clubs (moderately wounded, 89% to hit)
The stone arrow hits the two-headed ogre!
The wight completely misses you.
The two-headed ogre hits you with a +0 giant club!!
You die...

####.#.[..#......##....⌠..##.8
#####.##...#[....###.⌠...⌠.##'#
#..<..##..##....####.....^.#...
#.######..##...##.#####'####..#
#.# #..##..###.###.#[...'.#.
#.# #..##.## #.....##...####
#.# #..#### #......##### #.#
###..#######.>.......##### #.#
#.......O@z...............
#.####.#..#######......#.(.#...
#......#..# #......#.⌠.#...
########..# #....###...###.
#..##########...........
######..........)[.)⌠..>..⌠..
#............#.###.).........
#.#####.####.#.###)###...###.
#.# #.# #.#.##....#.⌠.#...


You could see a two-headed ogre and a wight.

Vanquished Creatures
  A hydra (D:7)
  A boulder beetle (D:7)
  A two-headed ogre (D:7)
  An unseen horror (D:7)
  A troll (D:6)
  A hornet (D:8)
  6 yaks
  A vampire (D:7)
  A wraith (D:7)
  Edmund (D:4)
  A water moccasin (D:6)
  3 ice beasts (D:5)
  2 sky beasts
  An ogre (D:7)
  A black bear (D:7)
  A centaur (D:6)
  A phantom (D:7)
  5 bullfrogs
  A kobold brigand (D:6)
  A necrophage (D:7)
  5 scorpions
  A water moccasin zombie (D:4)
  5 wights (D:7)
  6 killer bees (D:8)
  2 howler monkeys (D:7)
  5 hounds
  4 jellies (D:7)
  2 orc priests
  4 iguanas
  5 orc wizards
  A hound zombie (D:4)
  8 mummies (Ossuary)
  2 howler monkey zombies (D:4)
  10 gnolls
  8 adders
  A shadow imp (D:7)
  4 white imps
  3 ufetubi
  An adder zombie (D:4)
  2 worms
  3 dart slugs
  9 orcs
  3 endoplasms
  2 giant cockroaches (D:1)
  A gnoll zombie (Ossuary)
  5 goblins
  3 hobgoblins
  6 jackals
  10 kobolds
  4 quokkas
  5 ball pythons
  4 bats
  2 frilled lizards (D:1)
  4 kobold zombies (Ossuary)
  3 orc zombies (Ossuary)
  8 rats
183 creatures vanquished.

Notes
Turn   | Place    | Note
-------+----------+-------------------------------------------
     0 | D:1      | mortz the Gargoyle Earth Elementalist began the quest for
                  | the Orb.
     0 | D:1      | Reached XP level 1. HP: 10/10 MP: 3/3
   121 | D:1      | Reached XP level 2. HP: 15/15 MP: 0/5
   479 | D:1      | Learned a level 2 spell: Passwall
   713 | D:1      | Reached XP level 3. HP: 19/19 MP: 5/7
   967 | D:1      | Reached skill level 1 in Transmutations
  1442 | D:2      | Reached XP level 4. HP: 24/24 MP: 4/8
  1503 | D:2      | Reached skill level 1 in Fighting
  1876 | D:2      | Found a faded altar of an unknown god.
  2371 | D:3      | Reached XP level 5. HP: 30/30 MP: 6/9
  2553 | D:3      | Found a hazy altar of Hepliaklqana.
  2654 | D:3      | Reached skill level 2 in Fighting
  3000 | D:4      | Noticed Edmund
  3010 | D:4      | Killed Edmund
  3011 | D:4      | Reached skill level 5 in Earth Magic
  3011 | D:4      | Reached XP level 6. HP: 33/36 MP: 2/11
  3017 | D:4      | Found a sand-covered staircase.
  3083 | Ossuary  | Entered an ossuary
  3324 | Ossuary  | Reached skill level 3 in Fighting
  3650 | D:4      | Reached XP level 7. HP: 34/41 MP: 7/13
  3793 | D:4      | Learned a level 3 spell: Stone Arrow
  3854 | D:4      | Found a basalt altar of Yredelemnul.
  3860 | D:4      | Reached skill level 1 in Armour
  4285 | D:5      | Entered Level 5 of the Dungeon
  4361 | D:5      | Reached skill level 1 in Conjurations
  4692 | D:5      | Reached skill level 4 in Fighting
  5148 | D:5      | Reached XP level 8. HP: 48/48 MP: 13/15
  5370 | D:5      | Reached skill level 5 in Spellcasting
  5573 | D:5      | Reached skill level 5 in Fighting
  6365 | D:6      | Found a shadowy altar of Dithmenos.
  6404 | D:6      | Found a sparkling altar of Nemelex Xobeh.
  6982 | D:7      | Reached XP level 9. HP: 48/55 MP: 14/17
  7002 | D:7      | Reached skill level 6 in Fighting
  7022 | D:7      | Found a radiant altar of Vehumet.
  7037 | D:7      | Became a worshipper of Vehumet
  7256 | D:7      | Found a staircase to the Ecumenical Temple.
  7370 | D:7      | Noticed a troll
  7373 | D:7      | Noticed a six-headed hydra
  7648 | D:6      | Killed a troll
  8047 | D:7      | Reached skill level 7 in Fighting
  8145 | D:7      | Found an opulent altar of Gozag.
  8304 | D:7      | Learned a level 1 spell: Slow
  8309 | D:7      | Learned a level 4 spell: Petrify
  8340 | D:7      | Killed an unseen horror
  8492 | D:7      | Reached skill level 8 in Fighting
  8518 | D:7      | Noticed a boulder beetle
  8518 | D:7      | Noticed a two-headed ogre
  8526 | D:7      | Reached skill level 5 in Armour
  8540 | D:7      | Reached XP level 10. HP: 65/65 MP: 17/20
  8753 | D:7      | Killed a boulder beetle
  8753 | D:7      | Reached * piety under Vehumet
  8753 | D:7      | Offered knowledge of Freeze by Vehumet.
  8754 | D:7      | Reached skill level 9 in Fighting
  8754 | D:7      | Reached skill level 5 in Conjurations
  8756 | D:7      | Learned a level 1 spell: Freeze
  8944 | D:7      | Identified the ring of Reaphoa {rC+ Will+ MP-9 Dex+4
                  | Stlth+}
  9435 | D:7      | Killed a two-headed ogre
  9436 | D:7      | Reached skill level 10 in Fighting
  9547 | D:7      | Found an opulent altar of Gozag.
  9614 | D:7      | Found a radiant altar of Vehumet.
  9711 | D:7      | Killed a six-headed hydra
  9927 | D:7      | Found a staircase to the Ecumenical Temple.
 10429 | D:7      | Reached skill level 11 in Fighting
 10669 | D:8      | Reached XP level 11. HP: 74/74 MP: 16/23
 10722 | D:8      | Identified the +6 giant club "Dauceth" {vorpal, *Rage Fly
                  | rElec rCorr}
 11217 | D:8      | Noticed a two-headed ogre
 11323 | D:7      | Slain by a two-headed ogre

Illustrated notes

Levels and vault maps discovered:
D:1:      saegor_arrival_simple_e, layout_basic, minmay_rat_gold_closets
D:2:      layout_basic, shapermc_ecumenical_altar_notcrosses
D:3:      layout_basic, mainiacjoe_overflow_chevrons
D:4:      minmay_skewed_foursquare, layout_rooms,
          nicolae_yredelemnul_corpse_copse, chequers_ossuary_entry_cave,
          uniq_edmund
D:5:      layout_loops_ring, water_maze_lemuel
D:6:      layout_loops_corners, mainiacjoe_overflow_catch_the_wave
D:7:      minmay_chambers_of_sevens, layout_loops_ring, fiery_altar_vehumet,
          mainiacjoe_overflow_paths, minmay_temple_entry_junction_2,
          minmay_manual_mail
D:8:      kennysheep_six_static_rooms, layout_basic, serial_shops, shop,
          minivault_24, uniq_grum

Skill      XL: |  1  2  3  4  5  6  7  8  9 10 |
---------------+-------------------------------+-----
Earth Magic    | 4 5 6 7 |  7.4
Transmutations | 1 2 |  2.4
Spellcasting   | 3 4 5 7 8 |  8.8
Fighting       | 1 2 3 4 5 8 11 | 11.9
Armour         | 2 3 5 6 |  6.5
Conjurations   | 1 3 4 6 |  6.3
Dodging        | |  1.5
Stealth        | |  2.1

Action                   |  1- 3 |  4- 6 |  7- 9 | 10-12 || total
-------------------------+-------+-------+-------+-------++-------
Melee: Dagger            |     8 |       |       |       ||     8
       War axe           |     7 |       |       |       ||     7
       Punch             |     1 |       |       |       ||     1
       Trident           |       |       |    10 |    46 ||    56
 Fire: Sling             |       |       |     9 |       ||     9
 Cast: Sandblast         |    48 |    89 |   150 |     2 ||   289
       Stone Arrow       |       |       |     5 |    59 ||    64
Evoke: Wand              |       |     3 |       |       ||     3
  Use: Scroll            |       |    10 |     6 |     1 ||    17
       Potion            |       |       |       |     3 ||     3
Armor: Robe              |    13 |    13 |    49 |    67 ||   142
Dodge: Dodged            |    17 |    11 |    50 |   101 ||   179
